 Dungeon Crawl Stone Soup version 0.27.0-1-g7a089689b8 (webtiles) character file.

Game seed: 2768730829422677431

856 vvl the Shield-Bearer (level 8, -9/60 HPs)
             Began as a Human Fighter on Aug 4, 2021.
             Mangled by an ogre (22 damage)
             ... on level 5 of the Dungeon.
             The game lasted 00:08:33 (5051 turns).

vvl the Shield-Bearer (Human Fighter)               Turns: 5051, Time: 00:08:33

Health: -9/60      AC: 12    Str: 16    XL:     8   Next: 22%
Magic:  11/11      EV:  8    Int: 11    God:
Gold:   159        SH:  9    Dex: 13    Spells: 12/12 levels left

rFire    . . .     SeeInvis .   a - +0 trident
rCold    . . .     Faith    .   c - +0 kite shield
rNeg     . . .     Spirit   .   b - +0 scale mail
rPois    .         Reflect  .   h - +0 helmet
rElec    .         Harm     .   (no cloak)
rCorr    .         Rampage  .   (no gloves)
Will     .....                  (no boots)
Stlth    ..........             (no amulet)
HPRegen  0.20/turn              f - +4 ring of protection
MPRegen  0.12/turn              (no ring)

@: no status effects
A: no striking features
a: no special abilities


You were on level 5 of the Dungeon.
You visited 1 branch of the dungeon, and saw 5 of its levels.

You collected 181 gold pieces.
You spent 22 gold pieces at shops.

Inventory:

Hand Weapons
 a - a +0 trident (weapon)
 g - a +0 vampiric dagger
Armour
 b - a +0 scale mail (worn)
 c - a +0 kite shield (worn)
 h - a +0 helmet (worn)
Jewellery
 f - a +4 ring of protection (left hand)
Scrolls
 e - 6 scrolls of identify
 i - 2 scrolls of enchant armour {unknown}
 k - 5 scrolls of teleportation {unknown}
 l - a scroll of amnesia {unknown}
 m - a scroll of fear {unknown}
 n - a scroll of fog {unknown}
Potions
 d - a potion of might
 j - a potion of degeneration {unknown}
 o - a potion of attraction {unknown}
 p - a potion of curing {unknown}
 q - a potion of heal wounds {unknown}


   Skills:
 + Level 4.3 Fighting
 + Level 3.7 Polearms
 + Level 4.3 Armour
 + Level 2.8 Dodging
 + Level 4.3 Shields
 + Level 2.6 Spellcasting
 + Level 0.5 Conjurations
 * Level 2.7 Necromancy
 + Level 1.8 Earth Magic


You had 12 spell levels left.
You didn't know any spells.
Your spell library contained the following spells:

 Spells                   Type           Power      Damage    Failure   Level
 Magic Dart               Conj           8%         1d3       96%         1
 Freeze                   Ice            4%         1d3       98%         1
 Call Imp                 Summ           1%         N/A       99%         2
 Frozen Ramparts          Ice            2%         1d2       100%        3
 Gell's Gravitas          Tloc           0%         N/A       100%        3
 Mephitic Cloud           Conj/Pois/Air  1%         N/A       100%        3
 Teleport Other           Tloc           1%         N/A       100%        3
 Animate Dead             Necr           3%         N/A       100%        4
 Hailstorm                Conj/Ice       2%         3d3       100%        4
 Borgnjor's Vile Clutch   Necr/Erth      3%         N/A       100%        5
 Death Channel            Necr           3%         N/A       100%        6
 Dispersal                Tloc           0%         N/A       100%        6


Dungeon Overview and Level Annotations

Branches:
Dungeon (5/15)
 Temple: D:4-7

Altars:
Ashenzari
Elyvilon
Gozag
Hepliaklqana

Shops:
D:2 ![?![   D:4 :


Message History

You puncture the ogre!
The ogre is heavily wounded.
You feel sick.
The ogre hits you with a +0 giant spiked club!!
* * * LOW HITPOINT WARNING * * *
You block the adder's attack. The orc barely misses you.
You are too injured to fight recklessly!
You feel sick. You block the adder's attack.
You feel sick.
You feel sick.
You are no longer poisoned.
The adder bites you but does no damage.
You hit the adder.
The adder is lightly wounded.
The adder barely misses you. You block the adder's attack.
You barely miss the adder.
The adder is lightly wounded.
The adder bites you but does no damage.
You closely miss the adder.
The adder is lightly wounded.
You block the adder's attack. The adder closely misses you.
You hit the adder.
The adder is heavily wounded.
The adder bites you.
* * * LOW HITPOINT WARNING * * *
You hit the adder.
The adder is severely wounded.
The adder bites you but does no damage. x2
You miss the adder.
The adder is severely wounded.
The adder bites you but does no damage. The adder closely misses you.
You hit the adder but do no damage.
The adder is severely wounded.
You block the adder's attack. x2
You puncture the adder!
You kill the adder!
You puncture the ogre!
The ogre is severely wounded.
The ogre hits you with a +0 giant spiked club!!
You die...

#.#..##.#.# #.........
#########.....))####
##.......##.#.......#.##
.#.#####.##.###...(.....
.#.#####.##......##.#...
.............###o# #
.#.#####.###.# #O# .#.#
#.# #.# #@# .#.. ..# #.#
#.# ..... .#### #### ..#
#.. ....# ## # ### ####
#...# #. #...# #.# #...#
..## ######...###### ##
#.###.............### ..
#............<.......


You could see an ogre and an orc.

Vanquished Creatures
  An ice beast (D:4)
  3 ogres
  A howler monkey (D:4)
  3 orc priests (D:4)
  A bullfrog zombie (D:5)
  Terence (D:2)
  Natasha (thrice) (D:2)
  2 iguanas
  A hound skeleton (D:4)
  6 adders
  A worm (D:1)
  A dart slug (D:2)
  11 orcs
  5 ball pythons
  4 bats
  8 endoplasms
  6 giant cockroaches
  6 goblins
  12 hobgoblins
  23 jackals
  8 kobolds
  5 quokkas
  3 frilled lizards
  9 rats
124 creatures vanquished.

Notes
Turn   | Place    | Note
-------+----------+-------------------------------------------
     0 | D:1      | vvl the Human Fighter began the quest for the Orb.
     0 | D:1      | Reached XP level 1. HP: 18/18 MP: 1/1
     2 | D:1      | Found a runed translucent door.
    73 | D:1      | Reached XP level 2. HP: 23/24 MP: 2/2
   193 | D:1      | Found a faded altar of an unknown god.
   348 | D:1      | Reached XP level 3. HP: 25/29 MP: 3/3
   860 | D:1      | Reached skill level 1 in Dodging
   860 | D:1      | Reached skill level 1 in Spellcasting
  1046 | D:2      | Reached XP level 4. HP: 35/35 MP: 5/5
  1048 | D:2      | Found Vaxkuuf's Distillery.
  1318 | D:2      | Found Singychi's Distillery.
  1498 | D:2      | Noticed Natasha
  1509 | D:2      | Killed Natasha
  1510 | D:2      | Reached XP level 5. HP: 36/41 MP: 6/6
  1624 | D:2      | Found Owkibelu's Armour Emporium.
  1723 | D:2      | Noticed Terence
  1740 | D:2      | Killed Terence
  1794 | D:2      | Found Metadi's Magic Scroll Shop.
  1803 | D:2      | Bought a scroll of identify for 22 gold pieces
  2013 | D:2      | Found Fitoweg's Antique Armour Boutique.
  2112 | D:2      | Noticed Natasha
  2121 | D:2      | Killed Natasha
  2137 | D:2      | Noticed Natasha
  2146 | D:2      | Killed Natasha
  2147 | D:2      | Reached XP level 6. HP: 42/48 MP: 8/8
  2774 | D:3      | Found a broken altar of Ashenzari.
  2899 | D:3      | Found a hazy altar of Hepliaklqana.
  3020 | D:3      | Found an opulent altar of Gozag.
  3203 | D:4      | Found Fuph's Book Shop.
  3531 | D:4      | Reached skill level 1 in Necromancy
  3531 | D:4      | Reached XP level 7. HP: 21/53 MP: 10/10
  3794 | D:4      | Reached skill level 1 in Earth Magic
  4201 | D:4      | Found a white marble altar of Elyvilon.
  4576 | D:4      | Reached XP level 8. HP: 45/60 MP: 11/11
  4880 | D:5      | Entered Level 5 of the Dungeon
  5051 | D:5      | Mangled by an ogre

Illustrated notes

Levels and vault maps discovered:
D:1:      dpeg_arrival_caged_fury, layout_loops_ring,
          hellmonk_ecumenical_altar_crossroads
D:2:      layout_basic, serial_shops, shop, shop, shop, shop_fountains, shop,
          st_stairs_6, uniq_terence, uniq_natasha
D:3:      layout_rooms, mainiacjoe_overflow_chevrons,
          mainiacjoe_overflow_boulevard, amcnicky_altar_gilded,
          chequers_hall_statues_corner_a
D:4:      layout_basic, mainiacjoe_overflow_alcove_1, serial_shops,
          shop_fountains, hangedman_decor_diamond_cutter, bh_walls_and_bars
D:5:      layout_loops_cross, minmay_temple_entry_overgrown, minivault_24,
          st_stairs_3, uniq_eustachio

Skill      XL: |  1  2  3  4  5  6  7 |
---------------+----------------------+-----
Dodging        | 1 2 |  2.8
Spellcasting   | 1 2 |  2.6
Polearms       | 3 |  3.7
Shields        | 4 |  4.3
Necromancy     | 1 2 |  2.7
Armour         | 4 |  4.3
Fighting       | 4 |  4.3
Earth Magic    | 1 |  1.8
Conjurations   | |  0.5

Action                   |  1- 3 |  4- 6 |  7- 9 || total
-------------------------+-------+-------+-------++-------
Melee: Trident           |   131 |   285 |   114 ||   530
Armor: Scale mail        |    65 |   182 |    37 ||   284
Dodge: Dodged            |    38 |   111 |    36 ||   185
Block: Kite shield       |    68 |   165 |    59 ||   292
